 Dungeon Crawl Stone Soup version 0.19.0-16-g73b5abf (webtiles) character file.

1078 Guinours the Quickloader (level 8, -14/44 HPs)
             Began as a Kobold Hunter on Nov 9, 2016.
             Was a Believer of Hepliaklqana.
             Demolished by a large abomination (15 damage)
             ... created by the touch of Lugonu
             ... on level 6 of the Dungeon on Nov 10, 2016.
             The game lasted 00:38:44 (4642 turns).

Guinours the Quickloader (Kobold Hunter)            Turns: 4642, Time: 00:38:45

Health: -14/44     AC:  7    Str: 10    XL:     8   Next: 54%
Magic:  17/17      EV: 12    Int: 12    God:    Hepliaklqana [**....]
Gold:   280        SH:  0    Dex: 17    Spells: 0 memorised, 7 levels left

rFire  + . .     SeeInvis .     a - +1 hand crossbow
rCold  . . .     Gourm    .     q - +0 scale mail
rNeg   . . .     Faith    .     (shield restricted)
rPois  .         Spirit   .     (no helmet)
rElec  .         Reflect  .     k - +0 cloak
rCorr  .         Harm     .     (no gloves)
MR     .....                    (no boots)
Stlth  +.........               g - amulet of rage
                                o - ring of magical power
                                m - ring of protection from fire

@: no status effects
A: reduced essence, carnivore 3
a: Recall Ancestor, Ancestor Identity, Renounce Religion, Evoke Berserk Rage


You were on level 6 of the Dungeon.
You worshipped Hepliaklqana.
Hepliaklqana was pleased with you.
You were very full.

You visited 1 branch of the dungeon, and saw 6 of its levels.

You collected 280 gold pieces.

Inventory:

Hand Weapons
 a - a +1 hand crossbow (weapon)
 b - a +0 short sword
Missiles
 d - 68 bolts (quivered)
Armour
 c - a +0 leather armour
 k - a +0 cloak (worn)
 q - a +0 scale mail (worn)
Jewellery
 g - an amulet of rage (around neck)
 m - a ring of protection from fire (left hand)
 o - a ring of magical power (right hand)
 B - an uncursed ring of protection from cold {unknown}
Wands
 s - a wand of slowing (23/48)
Scrolls
 h - a scroll of fear {unknown}
 i - 2 scrolls of immolation
 j - 2 scrolls of identify
 u - a scroll of recharging {unknown}
 v - a scroll of fog {unknown}
Potions
 e - a potion of degeneration {unknown}
 l - a potion of heal wounds
 n - a potion of might {unknown}
 p - a potion of brilliance {unknown}
 t - a potion of cancellation {unknown}
 w - a potion of mutation {unknown}
Books
 y - Kikubaaqudgha's Catalogue of Darkness
   (You found it on level 4 of the Dungeon)

   Spells                             Type                      Level
   a - Animate Skeleton               Necromancy                   1
Comestibles
 f - a meat ration
 r - 2 bread rations
 x - a beef jerky
 A - a royal jelly


   Skills:
 + Level 5.3 Fighting
 + Level 1.3 Short Blades
 + Level 9.7 Crossbows
 + Level 2.7 Armour
 + Level 3.1 Dodging
 + Level 2.2 Stealth


You had 7 spell levels left.
You didn't know any spells.

Dungeon Overview and Level Annotations

Branches:
Dungeon (6/15)             Temple (0/1) D:4

Altars:
Gozag
Hepliaklqana
Kikubaaqudgha
Makhleb
Nemelex Xobeh
Sif Muna
Trog
Vehumet


Innate Abilities, Weirdness & Mutations

You are small and have problems with some larger weapons.
You are carnivorous and can eat meat at any time.
Your life essence is reduced. (-10% HP)


Message History

The large abomination hits you!
* * * LOW HITPOINT WARNING * * *
It was a potion of heal wounds.
You feel much better. The large abomination hits you!
Firing (i - inventory):
d - 70 bolts (quivered)
Press: ? - help, Shift-Dir - straight line, f/p - large abomination
Aim: a large abomination (durably summoned)
You shoot a bolt.
The bolt completely misses the large abomination.
The bolt hits the small abomination!
The small abomination is heavily damaged.
The large abomination hits you!!
* * * LOW HITPOINT WARNING * * *
Firing (i - inventory):
d - 69 bolts (quivered)
Press: ? - help, Shift-Dir - straight line, f/p - large abomination
Aim: a large abomination (durably summoned)
You shoot a bolt. The bolt hits the large abomination.
The large abomination is lightly damaged.
The large abomination hits you!
You die...

#.#.#####
......).#
<.#.###@#
##X##
#.##.x)#####
#..........#
####...###.#
##.## # #[#
..# ####


You could see a large abomination and a small abomination.

Vanquished Creatures
  An orc warrior (D:6)
  A phantom (D:5)
  An ogre (D:5)
  A scorpion (D:4)
  A howler monkey (D:4)
  A crimson imp (D:5)
  A jelly (D:5)
  A hound (D:4)
  An orc priest (D:3)
  An iguana (D:3)
  A worker ant (D:5)
  13 adders
  2 oozes
  An adder skeleton (D:5)
  A worm (D:4)
  3 dart slugs
  6 leopard geckos
  9 orcs
  6 giant cockroaches
  4 goblins
  6 hobgoblins
  13 jackals
  6 quokkas
  A ball python (D:1)
  9 bats
  9 frilled lizards
  5 kobolds
  10 rats
115 creatures vanquished.

Vanquished Creatures (collateral kills)
  A centaur (D:5)
  A scorpion (D:5)
  A bullfrog zombie (D:5)
  An orc priest (D:6)
  An orc wizard (D:3)
  A hound (D:5)
  Jessica (D:3)
  An adder (D:5)
  An ooze (D:3)
  A dart slug (D:4)
  A leopard gecko (D:5)
  7 orcs
  2 giant cockroaches
  A hobgoblin (D:3)
  2 jackals (D:5)
  A kobold (D:3)
  A quokka (D:4)
  A frilled lizard (D:5)
26 creatures vanquished.

Vanquished Creatures (others)
  2 knights
  An ancestor (D:4)
  A rat (D:3)
4 creatures vanquished.

Grand Total: 145 creatures vanquished

Notes
Turn   | Place    | Note
-------+----------+-------------------------------------------
     0 | D:1      | Guinours the Kobold Hunter began the quest for the Orb.
     0 | D:1      | Reached XP level 1. HP: 12/12 MP: 1/1
    38 | D:1      | Reached skill level 5 in Crossbows
    47 | D:1      | Reached XP level 2. HP: 17/17 MP: 2/2
   270 | D:1      | Reached XP level 3. HP: 20/21 MP: 3/3
   599 | D:1      | Reached skill level 6 in Crossbows
   874 | D:1      | Reached XP level 4. HP: 20/27 MP: 4/4
   945 | D:2      | Found a sparkling altar of Nemelex Xobeh.
   945 | D:2      | Found a bloodstained altar of Trog.
   948 | D:2      | Found a hazy altar of Hepliaklqana.
   968 | D:2      | Became a worshipper of Nemelex Xobeh the Trickster
  1166 | D:2      | Received a gift from Nemelex Xobeh
  1384 | D:2      | Reached XP level 5. HP: 32/32 MP: 5/5
  1456 | D:2      | Reached skill level 1 in Short Blades
  1631 | D:3      | Reached skill level 1 in Armour
  1635 | D:3      | Noticed Jessica
  1640 | D:3      | Killed Jessica
  1810 | D:3      | Reached * piety under Nemelex Xobeh
  1945 | D:3      | Reached skill level 7 in Crossbows
  1946 | D:3      | Found a faded altar of an unknown god.
  1957 | D:3      | Fell from the grace of Nemelex Xobeh
  1957 | D:3      | Became a worshipper of Hepliaklqana the Forgotten
  1957 | D:3      | Reached * piety under Hepliaklqana
  1965 | D:3      | Reached XP level 6. HP: 33/33 MP: 6/6
  3002 | D:4      | Found an opulent altar of Gozag.
  3046 | D:4      | Reached XP level 7. HP: 37/37 MP: 7/7
  3050 | D:4      | Reached skill level 8 in Crossbows
  3299 | D:4      | Reached ** piety under Hepliaklqana
  3300 | D:4      | Remembered your ancestor Beli-Ashared as a knight
  3373 | D:4      | Found an ancient bone altar of Kikubaaqudgha.
  3379 | D:4      | Found a deep blue altar of Sif Muna.
  3380 | D:4      | Found a radiant altar of Vehumet.
  3383 | D:4      | Identified Kikubaaqudgha's Catalogue of Darkness
  3470 | D:4      | Found a staircase to the Ecumenical Temple.
  3499 | D:5      | Entered Level 5 of the Dungeon
  3733 | D:5      | Found a glowing drain.
  4067 | D:5      | Found a burning altar of Makhleb.
  4085 | D:5      | Reached skill level 9 in Crossbows
  4085 | D:5      | Reached XP level 8. HP: 20/43 MP: 8/8
  4262 | D:5      | Reached skill level 5 in Fighting
  4574 | D:5      | Upgraded the game from 0.19.0-11-g3fc08b3 to 0.19.0-16-g73b5abf
  4633 | D:6      | Noticed a small abomination
  4641 | D:6      | HP: 1/44 [large abomination[the touch of Lugonu] (21)]
  4642 | D:6      | Demolished by a large abomination

Skill      XL: |  1  2  3  4  5  6  7  8 |
---------------+-------------------------+-----
Crossbows      | 5 6 7 9 |  9.7
Fighting       | 3 4 5 |  5.3
Short Blades   | 1 |  1.3
Armour         | 1 2 |  2.7
Stealth        | 2 |  2.2
Dodging        | 3 |  3.1

Action                   |  1- 3 |  4- 6 |  7- 9 || total
-------------------------+-------+-------+-------++-------
Melee: Short sword       |     5 |    28 |       ||    33
 Fire: Hand crossbow     |    78 |   124 |    97 ||   299
Invok: Ancestor Life: Kn |       |       |     1 ||     1
Evoke: Deck              |       |     5 |       ||     5
  Use: Scroll            |       |     2 |     1 ||     3
       Potion            |       |       |     3 ||     3
  Eat: Chunk             |     8 |     6 |     5 ||    19
Armor: Leather armour    |    17 |     7 |       ||    24
       Scale mail        |       |    13 |    13 ||    26
Dodge: Dodged            |    53 |    59 |    31 ||   143
